 Dungeon Sprint DCSS version 0.31-a0-154-g56bf346678 (webtiles) character file.

Game seed: 3790443176059313378

12 rocky1 the Digger (level 2, -3/15 HPs)
             Began as a Deep Elf Earth Elementalist on June 12, 2023.
             Was an Initiate of Vehumet.
             Killed from afar by Ijyb (18 damage)
             ... with an iceblast
             ... in the Dungeon (Sprint VI: "Thunderdome").
             The game lasted 00:01:11 (214 turns).

rocky1 the Digger (Deep Elf Earth Elementalist)      Turns: 214, Time: 00:01:11

Health: -3/15      AC:  2    Str:  5    XL:     2   Next: 24%
Magic:  7/9        EV: 13    Int: 19    God:    Vehumet [......]
Gold:   220        SH:  0    Dex: 15    Spells: 8/9 levels left

rFire   . . .        (no weapon)
rCold   . . .        (no shield)
rNeg    . . .        a - +0 robe
rPois   .            (no helmet)
rElec   .            (no cloak)
rCorr   .            (no gloves)
SInv    .            (no boots)
Will    .....        (no amulet)
Stlth   ++           (no ring)
HPRegen 0.22/turn    (no ring)
MPRegen 0.11/turn

%: no teleportation
@: no status effects
A: no striking features
a: Renounce Religion


You were in the Dungeon.
You worshipped Vehumet.
Vehumet was noncommittal.
You visited 1 branch You collected 220 gold pieces.

Inventory:

Armour
 a - a +0 robe (worn)
Wands
 h - a wand of acid (5)
 i - a wand of iceblast (5)
Scrolls
 g - 4 scrolls of blinking
 j - 3 scrolls of fog
Potions
 b - 3 potions of magic
 c - a potion of curing
 d - 3 potions of heal wounds
 e - 4 potions of haste
 f - a potion of berserk rage
 k - a potion of resistance


   Skills:
 + Level 3.0 Dodging
 + Level 2.8 Stealth
 + Level 4.2 Spellcasting
 + Level 1.1 Transmutations
 + Level 5.0 Earth Magic


You had 8 spell levels left.
You knew the following spells:

 Your Spells              Type           Power      Damage    Failure   Level
a - Sandblast             Erth           46%        2d11      1%          1

Your spell library contained the following spells:

 Spells                   Type           Power      Damage    Failure   Level
 Passwall                 Tmut/Erth      12%        N/A       5%          2
 Stone Arrow              Conj/Erth      26%        3d8       14%         3
 Petrify                  Tmut/Erth      15%        N/A       36%         4


Dungeon Overview and Level Annotations

Branches:
Dungeon (1/1)

Altars:
Cheibriados
Dithmenos
Fedhas
Gozag
Kikubaaqudgha
Makhleb
Okawaru
Qazlal
Ru
Sif Muna
Trog
Uskayaw
Vehumet
Wu Jian
Xom
Yredelemnul
Zin
The Shining One
Lugonu

Shops:
D *[??*?*:[((!!!!

Annotations:
D Ijyb


Message History

Unknown command.
Aiming: Sandblast (safe; 1% risk of failure)
Press: ? - help, Q - select action, (/) - cycle Shift-Dir - straight line, f/p - worm
Aim: a worm (severely wounded, 94% to hit)
The blast of sand hits the worm!
You kill the worm!
Vehumet accepts your kill.
Victory!
Score multiplier: 2x You now have 12 arena points (gained 12).
Your Dodging skill increases to level 3!
Your Earth Magic skill increases to level 5!
You start resting.
Magic restored.
You start waiting.
Get ready!
ROUND 2!
FIGHT!
You sense a tension in the west.
Ijyb the Twisted Goblin comes into view.
She is wielding a +0 club, wearing a +2 scale mail of positive energy and carrying a wand of iceblast (9).
You see here 20 gold pieces.
You see here 20 gold pieces.
You now have 220 gold pieces (gained 20).
Ijyb zaps a wand.
The mass of ice explodes!
The iceblast engulfs you!
Ouch! That really hurt!
* * * LOW HITPOINT WARNING * * *
You feel much better.
Unknown command.
Aiming: Sandblast (safe; 1% risk of failure)
Press: ? - help, Q - select action, (/) - cycle Shift-Dir - straight line, f - Ijyb
Aim: Ijyb, wielding a +0 club, wearing a +2 scale mail of positive energy and carrying a wand of iceblast (8) (81% to hit)
The blast of sand hits Ijyb but does no damage.
Unknown command.
Aiming: Sandblast (safe; 1% risk of failure)
Press: ? - help, Q - select action, (/) - cycle Shift-Dir - straight line, f/p - Ijyb
Aim: Ijyb, wielding a +0 club, wearing a +2 scale mail of positive energy and carrying a wand of iceblast (8) (81% to hit)
The blast of sand hits Ijyb.
Ijyb is lightly wounded.
Ijyb zaps a wand.
The mass of ice explodes!
The iceblast engulfs you!!
Ouch! That really hurt!
You die...

#_......._# #_......._#
###.........###
#⌠...........⌠#
######.8.........8.##
##..__......###......_
###∩........8.# #.8.†...
##.............###.......
#⌠......@...###...###....
#⌠...†......# #.<.# #....
#⌠..........###...###....
##......g......###.......
###∩........8.# #.8.....
##∩.._......###......_
######.8.........8.##
#§...........⌠#
###.........###


You could see Ijyb.

Vanquished Creatures
  3 worms (D)
  2 giant cockroaches (D)
5 creatures vanquished.

Notes
Turn   | Place    | Note
-------+----------+-------------------------------------------
     0 | D        | rocky1 the Deep Elf Earth Elementalist began the quest for
                  | the Orb.
     0 | D        | Reached XP level 1. HP: 10/10 MP: 6/6
     4 | D        | Found an ornate altar of the Wu Jian Council.
     4 | D        | Found a radiant altar of Vehumet.
     5 | D        | Found a stormy altar of Qazlal.
     5 | D        | Found a corrupted altar of Lugonu.
     5 | D        | Round 1.
     7 | D        | Found a snail-covered altar of Cheibriados.
     7 | D        | Found Veh Boacreka's Identification Station.
     8 | D        | Found Kyahient's Jewellery.
     8 | D        | Found Haibodaen's Advanced Armour.
    14 | D        | Found a shimmering blue altar of Sif Muna.
    18 | D        | Found a hide-covered altar of Uskayaw.
    21 | D        | Found an ancient bone altar of Kikubaaqudgha.
    22 | D        | Found Lirchukk's Premium Goods.
    24 | D        | Found Heodiagu's Miscellaneous Merchandise.
    24 | D        | Found Xorafry's Basic Armour.
    26 | D        | Found an iron altar of Okawaru.
    26 | D        | Found a glowing golden altar of the Shining One.
    26 | D        | Found a bloodstained altar of Trog.
    26 | D        | Found Quuk's Weapon Rack.
    30 | D        | Found an opulent altar of Gozag.
    31 | D        | Found a blossoming altar of Fedhas.
    34 | D        | Found a sacrificial altar of Ru.
    35 | D        | Found Qeunikk's Do-It-Yourself Clinic.
    36 | D        | Found Ytyev's Bottled Wisdom.
    36 | D        | Found Utah's Distillery.
    37 | D        | Found a shimmering altar of Xom.
    37 | D        | Found a burning altar of Makhleb.
    37 | D        | Found a basalt altar of Yredelemnul.
    37 | D        | Found Rezuj's Distillery.
    46 | D        | Reached skill level 4 in Earth Magic
    46 | D        | Found a glowing silver altar of Zin.
    52 | D        | Found Duts's Staff Store.
    53 | D        | Found a shadowy altar of Dithmenos.
    53 | D        | Found Oruekleu's Magic Scroll Shop.
    55 | D        | Found Qyna's Must-Have Magic.
    55 | D        | Found Mekasa Echim's Magic Scroll Shop.
   110 | D        | Reached XP level 2. HP: 15/15 MP: 3/9
   120 | D        | Became a worshipper of Vehumet
   139 | D        | Arena points: 12 (+12) [x2]
   140 | D        | Reached skill level 5 in Earth Magic
   208 | D        | Round 2.
   209 | D        | Noticed Ijyb
   214 | D        | Killed from afar by Ijyb

Illustrated notes

Levels and vault maps discovered:
D:        arena_sprint

Skill      XL: |  1  2 |
---------------+-------+-----
Earth Magic    | 4 5 |  5.0
Spellcasting   | 4 |  4.2
Dodging        | 3 |  3.0
Stealth        | |  2.8
Transmutations | |  1.1

Action                     || total
---------------------------++-------
   Cast: Sandblast         ||    14
    Use: Potion            ||     1
  Dodge: Dodged            ||     1

Table legend: (Time is in decaauts)
 A = Elapsed time spent in this place.
 B = Non-inter-level travel time spent in this place.
 C = Inter-level travel time spent in this place.
 D = Time resting spent in this place.
 E = Time spent auto-exploring this place.
 F = Levels seen in this place.
 G = Mean time per level.
                   A        B        C        D        E       F      G
               +--------+--------+--------+--------+--------+-----+--------+
         Total |    220 |    220 |      0 |     73 |      0 |   1 |  220.0 |
       Dungeon |    220 |    220 |      0 |     73 |      0 |   1 |  220.0 |
               +--------+--------+--------+--------+--------+-----+--------+

Top non-repeatable levels by time:
       D: 220 daAuts
